Map: Rhoskallian LE

Players

meSSer

  • Race: Zerg Zerg
  • League: Diamond
  • Spawn Location: 12:00

Rafferek

  • Race: Zerg Zerg
  • League: Gold
  • Spawn Location: 11:00

qqq - Winner!

  • Race: Protoss Protoss
  • League: Platinum
  • Spawn Location: 5:00

Massa - Winner!

  • Race: Terran Terran
  • League: Gold
  • Spawn Location: 6:00

VOD

Have the link to the VOD?

Description

Time

  • Played on: June 7, 2020, 4:44 a.m.
  • Length: 16:39
Show
View Real Time Build Order
Export as new Build Order

meSSer Zerg 

Build Orders: 1 Base Baneling Bust, Pool First 

Get SALT Encoding   

  12  0:19  Spawning Pool  
  11  0:25  Drone  
  11  0:27  Drone  
  13  0:31  Drone  
  14  0:45  Overlord  
  14  0:54  Extractor  
  13  1:06  Zergling x4  
  13  1:07  Queen  
  17  1:11  Zergling x2  
  18  1:36  Zergling x2  
  18  1:37  Zergling x2  
  20  1:49  Zergling x2  
  20  1:50  Baneling Nest  
  20  1:55  Zergling x2  
  21  2:08  Zergling x2  
  22  2:14  Overlord  
  22  2:21  Overlord  
  21  2:40  Zergling x6  
  18  3:07  Drone x3  
  18  3:09  Metabolic Boost  
  21  3:18  Drone  
  22  3:49  Drone x2  
  22  3:50  Drone x2  
  22  3:51  Queen  
  22  3:53  Overlord  
  28  4:13  Hatchery  
  27  4:19  Drone x2  
  29  4:29  Drone  
  29  4:30  Drone x2  
  32  4:39  Drone  
  33  4:47  Lair  
  33  4:53  Drone  
  34  5:16  Drone x3  
  34  5:17  Drone  
  38  5:26  Spore Crawler  
  37  5:30  Drone  
  37  5:31  Drone, Queen  
  41  5:37  Hatchery  
  40  5:43  Overlord  
  40  5:44  Overlord  
  40  5:47  Spore Crawler  
  39  5:55  Extractor  
  38  5:57  Extractor  
  38  5:59  Extractor  
  38  6:03  Drone x3  
  40  6:04  Drone x2, Evolution Chamber  
  40  6:05  Evolution Chamber  
  39  6:24  Roach Warren  
  38  6:29  Drone x4  
  38  6:30  Drone x2  
  44  6:55  Zerg Missile Weapons Level 1  
  44  6:58  Zerg Ground Armor Level 1  
  44  7:04  Overlord x2  
  44  7:06  Drone x3  
  44  7:07  Drone x2  
  44  7:08  Drone  
  50  7:21  Overlord  
  50  7:22  Queen  
  52  7:25  Drone x3  
  54  7:40  Glial Reconstitution  
  54  7:42  Drone x3  
  54  7:43  Drone x3  
  54  7:44  Drone  
  61  7:46  Overseer  
  61  7:55  Centrifical Hooks  
  61  8:11  Spore Crawler x2  
  59  8:25  Roach x3  
  65  8:27  Overlord  
  65  8:28  Overlord x3  
  65  8:46  Overlord x2  
  65  8:47  Roach x3  
  65  8:48  Roach x3  
  77  8:49  Drone x3  
  77  8:50  Drone x3  
  77  8:51  Drone  
  84  8:57  Overseer  
  84  8:59  Hatchery  
  82  9:12  Roach x2  
  82  9:13  Roach x3  
  82  9:14  Roach x3  
  82  9:15  Roach  
  100  9:22  Extractor x2  
  98  9:36  Overlord x4  
  98  9:54  Ravager x2  
  98  9:55  Ravager x6  
  98  9:56  Ravager x5  
  102  10:00  Spore Crawler  
  102  10:01  Spore Crawler  
  102  10:02  Spore Crawler  
  102  10:05  Burrow  
  87  10:10  Spore Crawler x2  
  85  10:16  Hydralisk Den  
  85  10:18  Drone x2  
  85  10:19  Drone x7  
  82  11:17  Hydralisk x3  
  82  11:18  Hydralisk x4  
  88  11:19  Hydralisk x4  
  88  11:24  Drone x2  
  88  11:25  Drone x7  
  112  11:26  Drone x2  
  115  11:37  Hydralisk  
  115  11:38  Hydralisk  
  119  12:08  Overlord  
  119  12:09  Overlord x2  
  119  12:20  Overlord x4  
  119  12:24  Overseer  
  119  12:25  Overseer x3  
  119  12:26  Queen x2  
  87  12:55  Roach  
  87  12:56  Roach x2  
  87  12:57  Roach x5  
  87  12:58  Roach x6  
  96  13:25  Ravager x5  
  96  13:26  Hydralisk x2, Ravager x2  
  96  13:27  Hydralisk x5  
  102  13:28  Hydralisk x2  
  69  14:12  Overlord  
  69  14:13  Overlord x2  
  58  14:27  Spore Crawler  
  58  14:28  Spore Crawler  
  48  14:32  Ravager  
  48  14:47  Overlord x3  
  48  14:51  Queen  
  48  15:17  Hydralisk, Roach x5  
  48  15:18  Hydralisk x6  
  72  15:21  Overlord  
  72  15:22  Overlord x5  
  72  15:38  Overlord x4  
  72  15:54  Hydralisk x5  
  72  15:55  Hydralisk x3  
  88  16:03  Overseer  
Show
View Real Time Build Order
Export as new Build Order

Rafferek Zerg 

Build Orders: Pool First 

Get SALT Encoding   

  12  0:20  Spawning Pool  
  11  0:26  Drone  
  12  0:30  Drone  
  13  0:37  Overlord  
  13  0:47  Drone  
  14  0:51  Extractor  
  13  0:58  Drone  
  14  1:06  Zergling x2  
  15  1:12  Zergling x2  
  16  1:20  Zergling x2  
  17  1:40  Zergling x2  
  17  1:47  Queen  
  20  1:59  Overlord  
  20  2:24  Drone x3  
  19  3:14  Hatchery  
  18  3:20  Metabolic Boost  
  18  3:22  Drone x3  
  18  3:25  Extractor  
  20  3:30  Evolution Chamber  
  19  3:50  Drone x2  
  21  4:07  Lair  
  21  4:09  Drone  
  23  4:10  Drone x4  
  23  4:16  Zerg Ground Armor Level 1  
  26  4:30  Queen  
  28  4:31  Drone  
  29  4:41  Zergling x4  
  31  4:50  Spore Crawler  
  30  5:05  Drone  
  30  5:06  Drone x2  
  33  5:27  Spore Crawler  
  32  5:38  Spire  
  31  5:43  Drone  
  31  5:44  Drone x4  
  31  5:48  Overlord x2  
  36  6:10  Drone x2  
  38  6:13  Zerg Ground Armor Level 2  
  38  6:17  Drone x3  
  38  6:18  Drone x3  
  44  6:22  Extractor  
  44  6:24  Drone x3, Extractor  
  45  6:51  Drone x3  
  45  6:53  Drone x2  
  50  7:01  Mutalisk  
  50  7:03  Overlord  
  50  7:04  Overlord  
  52  7:11  Zerg Flyer Weapons Level 1  
  52  7:17  Spire  
  51  7:37  Hatchery, Mutalisk x4  
  51  7:38  Mutalisk  
  51  7:42  Overlord  
  60  7:45  Overlord x2  
  60  8:08  Zergling x4  
  60  8:09  Zergling x10  
  67  8:42  Zergling x12  
  67  8:43  Zergling x2  
  70  8:58  Zergling x2  
  70  8:59  Drone x3  
  71  9:12  Infestation Pit  
  56  9:41  Mutalisk x3  
  56  9:43  Mutalisk x3  
  56  9:44  Mutalisk x5  
  78  9:46  Queen  
  80  10:05  Mutalisk x3  
  59  10:26  Drone x2  
  37  10:49  Mutalisk x6  
  43  10:52  Overlord x3  
  40  11:25  Drone x2, Zergling x2  
  39  11:38  Drone x2  
  39  11:39  Drone  
  42  11:46  Hydralisk Den  
  37  11:53  Spore Crawler  
  36  11:55  Spore Crawler  
  36  11:56  Lair  
  33  12:06  Drone x2  
  33  12:07  Drone  
  36  12:27  Spore Crawler  
  34  12:30  Drone x4, Spore Crawler  
  34  12:35  Overlord x3  
  34  12:36  Overlord x2  
  36  12:50  Hatchery  
  35  12:52  Zergling x2  
  35  12:53  Queen  
  36  13:21  Hydralisk x5  
  36  13:22  Hydralisk  
  48  13:31  Zerg Missile Weapons Level 1  
  48  13:35  Drone x2  
  50  13:54  Hydralisk x4  
  50  13:55  Hydralisk  
  46  14:08  Zergling x2  
  46  14:09  Zergling x2  
  48  14:19  Burrow  
  48  14:23  Extractor  
  47  14:25  Extractor  
  47  14:26  Hydralisk x4  
  48  14:55  Zergling x8  
  48  14:56  Zergling x10  
  49  15:12  Zergling x8  
  49  15:13  Zergling x2  
  47  15:29  Drone x5  
  51  15:37  Hydralisk  
  51  15:38  Hydralisk x3  
  51  15:40  Queen  
  51  15:42  Drone  
  61  15:45  Drone  
  62  15:58  Drone x3  
  62  15:59  Drone  
Show
View Real Time Build Order
Export as new Build Order

qqq Protoss - Winner!

Build Orders:  

Get SALT Encoding   

  12  0:02  Probe  
  13  0:20  Probe  
  14  0:22  Pylon  
  14  0:36  Probe  
  15  0:44  Gateway  
  15  0:58  Pylon  
  15  1:00  Probe  
  15  1:03  Assimilator  
  16  1:12  Probe  
  17  1:24  Probe  
  18  1:36  Probe  
  18  1:37  Assimilator  
  19  1:43  Cybernetics Core  
  19  1:47  Zealot (Chrono Boost)  
  19  1:48  Probe  
  22  2:00  Probe  
  23  2:12  Zealot (Chrono Boost)  
  23  2:13  Probe  
  26  2:21  Gateway  
  26  2:24  Pylon  
  26  2:32  Pylon, Zealot  
  28  2:46  Pylon  
  28  2:59  Zealot  
  28  3:05  Probe  
  29  3:17  Probe, Stargate  
  30  3:29  Probe  
  31  3:41  Probe  
  32  3:49  Nexus  
  32  3:58  Pylon  
  32  4:05  Oracle  
  35  4:12  Stargate  
  35  4:42  Phoenix  
  37  5:01  Oracle  
  37  5:02  Probe  
  41  5:07  Stargate  
  41  5:14  Probe  
  42  5:26  Probe (Chrono Boost), Assimilator  
  43  5:30  Oracle  
  43  5:32  Assimilator  
  47  5:37  Probe (Chrono Boost)  
  47  5:41  Probe (Chrono Boost)  
  48  5:52  Probe  
  49  5:58  Oracle  
  52  6:04  Probe  
  53  6:17  Probe  
  54  6:19  Oracle  
  54  6:21  Nexus  
  57  6:29  Probe  
  58  6:41  Probe  
  58  6:43  Oracle x2  
  65  6:53  Probe  
  66  6:56  Oracle  
  69  7:05  Probe  
  70  7:32  Probe, Oracle x2, Pylon  
  77  7:40  Pylon  
  77  7:41  Pylon  
  77  7:44  Probe x2, Pylon  
  78  7:45  Pylon  
  78  7:49  Pylon  
  79  7:56  Probe  
  80  8:16  Phoenix x2  
  80  8:17  Phoenix  
  86  8:21  Probe  
  87  8:30  Probe  
  87  8:33  Probe (Chrono Boost)  
  89  8:41  Phoenix x2  
  89  8:43  Probe (Chrono Boost)  
  89  8:46  Phoenix  
  97  8:51  Probe (Chrono Boost)  
  97  8:53  Probe (Chrono Boost)  
  98  8:58  Probe (Chrono Boost)  
  99  9:06  Phoenix x2  
  99  9:09  Probe  
  104  9:19  Phoenix  
  104  9:21  Probe  
  107  9:31  Phoenix x2  
  107  9:33  Probe  
  107  9:35  Assimilator  
  112  9:40  Assimilator  
  112  9:44  Phoenix  
  115  9:45  Probe  
  115  9:57  Probe  
  112  10:09  Probe  
  109  10:24  Phoenix x3  
  112  10:49  Oracle x2, Phoenix  
  97  11:14  Oracle  
  100  11:39  Oracle x2  
  106  11:41  Probe  
  107  11:51  Oracle  
  107  11:53  Probe  
  94  12:05  Probe  
  92  12:16  Oracle x2  
  92  12:17  Probe  
  97  12:29  Probe  
  98  12:30  Oracle  
  98  12:33  Zealot  
  98  12:34  Zealot  
  105  12:42  Probe  
  106  12:51  Protoss Air Weapons Level 1  
  106  12:53  Oracle x2  
  106  12:54  Probe  
  113  13:00  Zealot  
  113  13:01  Zealot  
  117  13:06  Probe  
  117  13:08  Fleet Beacon  
  117  13:12  Oracle, Nexus  
  121  13:18  Probe, Nexus  
  122  13:28  Zealot x2  
  122  13:30  Oracle  
  125  13:55  Zealot x2  
  121  14:22  Zealot x2  
  125  14:41  Oracle  
  125  14:42  Oracle x2  
  134  14:47  Probe  
  134  14:49  Zealot x2  
  139  14:55  Probe  
  139  14:57  Probe  
  139  14:59  Probe  
  142  15:07  Probe  
  142  15:09  Probe  
  142  15:10  Pylon  
  142  15:11  Probe  
  142  15:14  Anion Pulse-Crystals, Pylon  
  145  15:16  Zealot x2  
  145  15:17  Pylon  
  145  15:18  Oracle  
  145  15:19  Probe, Oracle x2  
  145  15:20  Pylon  
  145  15:21  Probe  
  160  15:23  Probe  
  161  15:32  Probe  
  161  15:33  Probe  
  159  15:36  Probe  
  152  15:43  Zealot x2  
  152  15:44  Probe  
  152  15:45  Probe  
  158  15:55  Oracle  
  158  15:56  Oracle x2  
  167  16:10  Zealot x2  
Show
View Real Time Build Order
Export as new Build Order

Massa Terran - Winner!

Build Orders:  

Get SALT Encoding   

  12  0:08  SCV  
  13  0:20  SCV  
  14  0:25  Supply Depot  
  14  0:32  SCV  
  15  0:46  SCV  
  16  0:52  Barracks  
  16  0:58  SCV  
  17  1:10  SCV  
  18  1:25  SCV  
  19  1:29  Refinery  
  19  1:31  Refinery  
  19  1:37  SCV  
  20  1:40  Marine  
  20  1:45  Barracks  
  21  1:50  Orbital Command  
  21  1:57  Marine  
  21  2:15  Marine  
  22  2:33  Marine  
  22  2:35  Supply Depot  
  22  2:51  Marine  
  22  2:54  Supply Depot  
  23  3:11  Barracks  
  23  3:21  Supply Depot  
  23  3:42  Marine  
  23  3:43  SCV  
  23  3:44  Supply Depot  
  25  3:55  SCV  
  26  4:00  Factory  
  26  4:07  SCV  
  27  4:19  SCV, Command Center  
  28  4:25  Barracks Tech Lab  
  28  4:26  Barracks Reactor  
  29  4:31  SCV  
  29  4:40  Barracks Reactor  
  29  4:47  Factory Reactor  
  29  5:02  Starport  
  29  5:06  Supply Depot  
  29  5:09  SCV  
  31  5:21  SCV  
  31  5:26  Widow Mine x2  
  35  5:31  Supply Depot  
  35  5:33  SCV  
  36  5:45  SCV  
  36  5:46  SCV  
  36  5:47  Widow Mine x2  
  42  5:50  Factory  
  42  5:57  SCV  
  42  5:58  SCV  
  44  6:10  SCV  
  45  6:17  SCV  
  46  6:22  SCV  
  47  6:25  Medivac  
  47  6:29  SCV  
  50  6:34  SCV  
  51  6:40  Supply Depot  
  51  6:41  SCV  
  51  6:46  SCV  
  53  6:48  Factory Tech Lab  
  53  6:53  Widow Mine x2  
  53  6:54  SCV  
  58  6:55  Medivac  
  58  6:59  Orbital Command  
  60  7:02  Supply Depot  
  60  7:03  Refinery  
  60  7:04  Refinery  
  60  7:06  SCV  
  61  7:14  Widow Mine x2  
  65  7:15  Engineering Bay  
  65  7:21  Marauder, Marine x3  
  65  7:22  Marine  
  71  7:24  Supply Depot  
  71  7:42  Marauder  
  71  7:44  Armory  
  73  7:47  Supply Depot  
  73  8:10  Siege Tank  
  73  8:11  Supply Depot  
  76  8:14  Widow Mine x2  
  80  8:27  Missile Turret  
  80  8:30  Missile Turret x2  
  80  8:35  Widow Mine x2  
  84  8:41  Missile Turret  
  84  8:48  Missile Turret  
  84  8:51  Drilling Claws, Missile Turret  
  84  8:53  Missile Turret  
  84  8:57  Widow Mine x2  
  84  9:02  Thor  
  90  9:08  Missile Turret  
  90  9:14  Missile Turret  
  90  9:17  Missile Turret  
  90  9:18  Widow Mine x2  
  94  9:24  Terran Vehicle Weapons Level 1  
  94  9:26  Terran Infantry Weapons Level 1  
  94  9:30  Missile Turret  
  94  9:36  SCV  
  94  9:37  SCV  
  96  9:38  Missile Turret  
  96  9:39  Widow Mine x2  
  102  9:45  Widow Mine  
  102  9:48  SCV, Command Center  
  103  10:00  Marauder, Marine  
  103  10:01  Widow Mine, Marine x2  
  110  10:07  Engineering Bay  
  110  10:12  Armory  
  110  10:24  Supply Depot  
  110  10:33  Missile Turret  
  110  10:45  Marauder, Marine x2, Medivac  
  110  10:47  Supply Depot  
  116  10:53  Missile Turret  
  116  11:00  Widow Mine x2, Thor  
  126  11:07  Marauder  
  126  11:08  SCV  
  126  11:10  Supply Depot  
  127  11:13  Missile Turret  
  127  11:18  Terran Vehicle And Ship Armor Level 1  
  127  11:20  Terran Infantry Armor Level 1, SCV  
  127  11:21  Widow Mine  
  127  11:22  Widow Mine  
  132  11:28  Marauder  
  134  11:33  SCV, Missile Turret  
  135  11:43  Widow Mine, Thor  
  135  11:45  SCV  
  144  11:50  Marauder  
  144  11:51  Marine  
  144  11:52  Marine x2  
  149  12:07  Terran Infantry Weapons Level 2  
  149  12:08  Supply Depot  
  149  12:29  Marine  
  155  12:30  SCV x3, Marauder  
  155  12:31  Supply Depot  
  109  12:51  Marauder  
  109  12:54  Supply Depot  
  109  13:04  Marine x4  
  113  13:08  Thor  
  119  13:13  Marauder  
  119  13:17  Supply Depot  
  105  13:21  Marine  
  105  13:22  Marine x3  
  107  13:34  Orbital Command, Marauder  
  109  13:39  Marine x2, Supply Depot  
  109  13:40  Marine x2  
  107  13:42  SCV  
  107  13:43  SCV  
  109  13:50  Command Center, Thor  
  109  13:54  SCV  
  109  13:55  SCV, Marauder  
  119  13:57  Marine x2  
  119  13:58  Marine x2  
  119  14:02  Supply Depot  
  123  14:05  Starport Tech Lab  
  123  14:06  SCV  
  123  14:07  SCV  
  125  14:10  Widow Mine  
  125  14:11  Widow Mine  
  131  14:17  Marauder  
  131  14:18  SCV  
  131  14:19  SCV  
  133  14:24  Supply Depot  
  133  14:31  Widow Mine, SCV x2  
  134  14:32  Widow Mine, Raven  
  134  14:33  Thor  
  144  14:47  Supply Depot  
  144  14:53  Widow Mine x2  
  140  15:14  Widow Mine  
  140  15:15  Widow Mine  
  140  15:17  Widow Mine  
  142  15:28  Marauder  
  142  15:29  Marine x2  
  142  15:30  Marine x2  
  142  15:33  Orbital Command  
  146  15:36  SCV  
  146  15:37  SCV x2  
  146  15:38  Widow Mine  
  146  15:40  Refinery  
  146  15:42  Refinery  
  151  15:47  Marine x2  
  151  15:48  SCV, Marine x2  
  151  15:49  SCV x2  
  160  15:50  Marauder  
  160  15:55  Command Center  
  160  15:59  Widow Mine  
  160  16:01  SCV x3  
  165  16:04  Marine  
  165  16:05  Marine  
  165  16:06  Marine x2  
  171  16:11  Marauder  
  171  16:13  SCV x3  
  174  16:25  SCV x3  
Tags
 
Add a new tag
Caveats
  • Supply blocks, unpowered buildings, or Contaminate may cause inaccurate times.
  • Supply counts are checked every 10 seconds.